Map: Pillars of Gold LE

Players

LiquidClem (Clem)

  • Race: Terran Terran
  • League: Master
  • Spawn Location: 1:00

Reynor - Winner!

  • Race: Zerg Zerg
  • Spawn Location: 7:00

Event: DreamHack SC2 Masters 2020 Summer Europe

VOD

Have the link to the VOD?

Description

Time

  • Played on: July 12, 2020, 1:03 p.m.
  • Length: 7:50

All games in this series

Show
View Real Time Build Order
Export as new Build Order

LiquidClem Terran 

Build Orders: Hellion Opening, Reaper Expand 

Get SALT Encoding   

  12  0:00  SCV  
  13  0:12  SCV  
  14  0:18  Supply Depot  
  14  0:25  SCV  
  15  0:39  SCV  
  15  0:40  Barracks  
  16  0:45  Refinery  
  16  0:51  SCV  
  17  1:03  SCV  
  18  1:16  SCV  
  19  1:27  Reaper  
  19  1:28  Orbital Command  
  20  1:45  Command Center  
  20  1:55  Bunker  
  20  1:56  SCV  
  21  2:02  Marine  
  22  2:08  Factory  
  22  2:09  SCV  
  23  2:16  Supply Depot  
  23  2:22  Barracks Reactor  
  23  2:29  Refinery  
  23  2:37  SCV  
  24  2:49  SCV  
  25  2:57  Starport  
  25  2:59  Orbital Command  
  25  3:01  SCV  
  25  3:02  Hellion  
  25  3:03  Hellion  
  30  3:11  Marine  
  31  3:13  SCV  
  32  3:26  SCV, Hellion x2  
  32  3:27  SCV  
  37  3:35  Medivac  
  37  3:38  SCV  
  37  3:40  Barracks Tech Lab  
  37  3:41  SCV, Supply Depot  
  41  3:49  Hellion  
  41  3:50  Hellion  
  41  3:51  SCV  
  46  4:03  SCV x2  
  46  4:05  Stimpack  
  46  4:08  Supply Depot  
  44  4:14  Hellion x2  
  44  4:15  SCV x2  
  50  4:20  Liberator  
  53  4:27  SCV  
  53  4:30  SCV  
  55  4:32  Supply Depot  
  55  4:36  Marine  
  56  4:39  SCV  
  56  4:42  SCV  
  56  4:44  Factory Tech Lab  
  58  4:51  SCV  
  59  4:54  SCV, Command Center  
  59  4:57  Barracks x2  
  60  5:01  Supply Depot  
  60  5:03  SCV  
  60  5:05  Starport Reactor  
  60  5:06  SCV  
  62  5:12  Marine  
  62  5:13  Engineering Bay  
  63  5:14  Engineering Bay  
  63  5:16  SCV  
  63  5:17  Refinery  
  63  5:19  Refinery  
  63  5:21  SCV  
  65  5:28  SCV  
  66  5:30  Marine  
  66  5:33  SCV  
  66  5:34  Supply Depot  
  68  5:40  SCV  
  68  5:42  Terran Infantry Weapons Level 1, Terran Infantry Armor Level 1  
  69  5:44  Marine  
  69  5:45  SCV  
  69  5:46  Combat Shield  
  71  5:50  Marine  
  71  5:52  SCV, Starport Reactor  
  71  5:53  Marine  
  71  5:54  Marine x2  
  76  5:59  Siege Tank  
  76  6:02  Marine  
  80  6:06  SCV x2, Supply Depot  
  80  6:08  Orbital Command, Marine  
  83  6:12  Marine  
  84  6:19  Marine  
  84  6:20  Barracks  
  84  6:21  Marine x2  
  84  6:22  Barracks  
  87  6:26  Marine  
  87  6:27  SCV  
  87  6:28  SCV  
  87  6:30  Marine  
  91  6:33  Orbital Command, Siege Tank  
  91  6:37  Medivac  
  91  6:39  Medivac  
  98  6:41  SCV  
  98  6:43  SCV  
  98  6:45  Marine x2  
  102  6:50  Supply Depot  
  102  6:52  Marine x2  
  104  6:55  Supply Depot  
  104  7:00  SCV  
  104  7:01  Armory  
  105  7:04  SCV  
  105  7:07  Marine  
  107  7:08  Supply Depot  
  107  7:10  SCV, Marine  
  107  7:12  Marine  
  107  7:14  SCV, Marine  
  112  7:17  SCV  
  112  7:20  Supply Depot  
  116  7:23  Barracks Reactor x2  
  116  7:33  Barracks  
  116  7:34  Supply Depot, Barracks x2  
Show
View Real Time Build Order
Export as new Build Order

Reynor Zerg - Winner!

Build Orders: Hatch First 

Get SALT Encoding   

  12  0:00  Drone  
  13  0:12  Overlord  
  13  0:17  Drone  
  14  0:30  Drone  
  14  0:31  Drone  
  16  0:50  Hatchery  
  16  0:53  Drone  
  16  0:56  Drone  
  17  0:59  Drone  
  18  1:10  Extractor  
  17  1:16  Spawning Pool  
  17  1:18  Drone  
  17  1:22  Drone  
  18  1:28  Drone  
  19  1:39  Drone  
  20  1:58  Drone  
  21  2:02  Queen x2, Drone x2  
  27  2:11  Zergling x2  
  27  2:14  Zergling x2, Extractor  
  29  2:25  Hatchery  
  29  2:27  Extractor  
  27  2:34  Spore Crawler  
  27  2:35  Overlord  
  27  2:37  Drone  
  27  2:43  Metabolic Boost  
  29  2:53  Queen  
  29  2:54  Drone x2  
  29  2:55  Drone  
  34  2:59  Overlord  
  34  3:03  Drone  
  34  3:04  Drone  
  36  3:18  Drone x3  
  39  3:20  Overlord  
  39  3:21  Drone x2  
  41  3:29  Drone x2  
  41  3:33  Drone  
  44  3:36  Queen  
  44  3:38  Zergling x4  
  48  3:45  Zergling x2  
  48  3:46  Zergling x2  
  48  3:47  Drone  
  51  3:49  Queen, Drone  
  51  3:53  Overlord  
  54  3:56  Zergling x2  
  54  4:00  Drone x2  
  56  4:03  Drone x2  
  57  4:12  Overlord, Spore Crawler  
  56  4:18  Zergling x4  
  56  4:20  Overlord  
  58  4:28  Spore Crawler  
  58  4:29  Overlord, Drone  
  58  4:31  Drone x5  
  62  4:32  Evolution Chamber  
  62  4:33  Evolution Chamber  
  62  4:34  Drone  
  62  4:37  Zergling x2  
  63  4:39  Drone x2  
  63  4:42  Drone x2  
  67  4:48  Drone  
  66  4:54  Zergling x2, Drone  
  66  4:55  Zergling x6  
  66  4:56  Queen  
  66  4:57  Drone  
  74  5:00  Extractor  
  74  5:02  Overlord  
  74  5:05  Zerg Ground Armor Level 1  
  74  5:06  Drone x2  
  75  5:08  Drone  
  75  5:11  Drone x3  
  75  5:13  Drone x2  
  81  5:18  Zerg Melee Weapons Level 1  
  81  5:22  Overlord  
  81  5:31  Drone  
  81  5:32  Drone x4  
  81  5:34  Drone x3  
  81  5:35  Spore Crawler  
  88  5:38  Drone  
  88  5:41  Extractor  
  88  5:43  Overlord  
  88  5:45  Drone x3  
  88  5:46  Drone x2  
  88  5:47  Lair  
  92  5:50  Extractor  
  92  5:53  Extractor  
  92  5:54  Zergling x4  
  91  6:01  Hatchery  
  91  6:02  Drone x2  
  92  6:04  Overlord  
  92  6:05  Drone x2  
  92  6:08  Zergling x4  
  92  6:09  Zergling x6  
  99  6:14  Extractor  
  99  6:16  Zergling x4  
  99  6:18  Zergling x2  
  101  6:24  Zergling x6  
  101  6:25  Overlord  
  104  6:27  Zergling x2  
  105  6:33  Zergling x2  
  105  6:35  Baneling Nest  
  105  6:38  Zergling x8  
  105  6:39  Queen  
  111  6:40  Queen  
  111  6:42  Zergling x2  
  111  6:46  Zergling x8  
  118  6:51  Zergling x6  
  118  6:52  Zergling x2  
  122  6:55  Overlord  
  122  7:01  Hydralisk Den  
  122  7:03  Infestation Pit, Overlord  
  122  7:06  Zergling x4  
  122  7:09  Overlord  
  122  7:15  Drone x7  
  126  7:16  Drone  
  126  7:17  Drone  
  126  7:20  Drone x4  
  134  7:27  Zergling x4  
  135  7:31  Zergling x4  
Tags
 
Add a new tag
Caveats
  • Supply blocks, unpowered buildings, or Contaminate may cause inaccurate times.
  • Supply counts are checked every 10 seconds.